 Dungeon Crawl Stone Soup version 0.31-a0-1370-gf52a5a9ab3 (webtiles) character file.

Game seed: 11204525516710712201

29581 PanSaczeczos the Basher (level 13, -2/99 HPs)
             Began as a Human Wanderer on Dec 23, 2023.
             Was a High Priest of Hepliaklqana.
             Slain by a death yak (18 damage)
             ... on level 4 of the Lair of Beasts.
             The game lasted 00:37:01 (16683 turns).

PanSaczeczos the Basher (Human Wanderer)           Turns: 16683, Time: 00:37:02

Health: -2/99      AC: 28    Str: 18    XL:     13   Next: 46%
Magic:  0/17       EV:  7    Int: 11    God:    Hepliaklqana [*****.]
Gold:   819        SH:  0    Dex: 12    Spells: 13/14 levels left

rFire   . . .        a - +0 flail (protect)
rCold   + . .        (no shield)
rNeg    . . .        n - +0 plate armour
rPois   .            E - +1 helmet
rElec   +            W - +0 cloak
rCorr   +            Q - +2 pair of gloves "Foparphum" {Rampage rElec rCorr Str-2}
SInv    .            (no boots)
Will    +....        g - amulet of guardian spirit Stlth
                     o - ring of willpower
HPRegen 0.36/turn    H - ring of protection from cold
MPRegen 0.15/turn

%: guardian spirit, rampage
@: lethally poisoned (-2 -> -5), under a protective aura
A: reduced essence, explore regen
a: Renounce Religion, Recall Ancestor, Ancestor Identity, Transference, Idealise


You were on level 4 of the Lair of Beasts.
You worshipped Hepliaklqana.
Hepliaklqana was extremely pleased with you.
You visited 3 branches of the dungeon, and saw 14 of its levels.
You also visited: Gauntlet.

You collected 884 gold pieces.
You spent 65 gold pieces at shops.

Inventory:

Hand Weapons
 a - a +0 flail of protection (weapon)
 p - a +0 mace
 t - the +8 great sword of Ymeodd {venom, rC+ Dex+5}
   (You found it in a Gauntlet)

   Dex+5:     It affects your dexterity (+5).
   rC+:       It protects you from cold.
 u - a +0 war axe
 C - a +0 flail
 J - a +0 morningstar
 K - a +1 flail of protection
 L - a +2 mace of freezing
Missiles
 x - 12 poisoned darts (quivered)
 z - 16 boomerangs
Armour
 n - a +0 plate armour (worn)
 E - a +1 helmet (worn)
 P - the +1 helmet of the Blizzard {^Contam rF+ Int+4 Dex+4}
   (You found it in a Gauntlet)

   Int+4:     It affects your intelligence (+4).
   Dex+4:     It affects your dexterity (+4).
   rF+:       It protects you from fire.
   ^Contam:   It causes magical contamination when unequipped.
 Q - the +2 pair of gloves "Foparphum" (worn) {Rampage rElec rCorr Str-2}
   (You found it in a Gauntlet)

   Str-2:     It affects your strength (-2).
   rElec:     It insulates you from electricity.
   rCorr:     It protects you from acid and corrosion.
   Rampage:   It bestows one free step when moving towards enemies.
 W - a +0 cloak (worn)
Magical Staves
 m - a staff of earth
Jewellery
 f - the ring "Beshrin" {*Corrode +Blink Will+ Str+4}
   (You found it in a Gauntlet)

   [ring of willpower]

   Str+4:     It affects your strength (+4).
   Will+:     It increases your willpower.
   +Blink:    It lets you blink.
   *Corrode:  It may corrode you when you take damage.
 g - an amulet of guardian spirit (around neck)
 o - a ring of willpower (left hand)
 r - an amulet of the acrobat
 s - a +5 ring of evasion
 w - a ring of fire
 B - a +6 ring of intelligence
 H - a ring of protection from cold (right hand)
 M - an amulet of magic regeneration
 T - a ring of ice
Wands
 b - a wand of flame (11)
 i - a wand of polymorph (6)
 A - a wand of digging (1)
 N - a wand of iceblast (6)
Scrolls
 c - a scroll of summoning {!r}
 d - 2 scrolls of teleportation {!r}
 h - 3 scrolls of enchant armour {!r}
 k - 6 scrolls of poison {!r}
 l - a scroll of blinking {!r}
 v - 4 scrolls of revelation {!r}
 y - 3 scrolls of vulnerability {!r}
 I - a scroll of fog {!r}
 U - a scroll of fear {!r}
Potions
 e - 7 potions of curing
 j - a potion of cancellation
 q - 3 potions of enlightenment
 D - a potion of brilliance
 F - 2 potions of degeneration {unknown}
 G - a potion of mutation
 O - a potion of haste {unknown}
 S - a potion of ambrosia {unknown}
 V - a potion of invisibility {unknown}


   Skills:
 + Level 13.5 Fighting
 - Level 14.0 Maces & Flails
 - Level 10.0 Armour
 - Level 3.0 Dodging
 - Level 1.0 Stealth
 - Level 1.0 Spellcasting
 - Level 4.0 Ice Magic
 - Level 6.0 Invocations
 - Level 2.0 Evocations


You had 13 spell levels left.
You knew the following spells:

 Your Spells              Type           Power      Damage    Failure   Level
a - Freeze                Ice            36%        1d5       80%         1

Your spell library contained the following spells:

 Spells                   Type           Power      Damage    Failure   Level
 Ensorcelled Hibernation  Hex/Ice        8%         N/A       99%         2
 Frozen Ramparts          Ice            18%        1d3       99%         3
 Sting                    Conj/Alch      0%         1d3       100%        1
 Call Imp                 Summ           0%         N/A       100%        2
 Cigotuvi's Dreadful Rot  Necr/Alch/Air  0%         N/A       100%        2
 Lesser Beckoning         Tloc           0%         N/A       100%        2
 Mercury Vapours          Alch/Air       0%         N/A       100%        2
 Passwall                 Alch/Erth      0%         N/A       100%        2
 Sublimation of Blood     Necr           0%         N/A       100%        2
 Gell's Gravitas          Tloc           0%         N/A       100%        3
 Hailstorm                Conj/Ice       4%         3d5       100%        3
 Swiftness                Air            0%         N/A       100%        3
 Teleport Other           Tloc           0%         N/A       100%        3
 Animate Dead             Necr           0%         N/A       100%        4
 Cause Fear               Hex            0%         N/A       100%        4
 Ignite Poison            Fire/Alch      0%         N/A       100%        4
 Olgreb's Toxic Radiance  Alch           0%         N/A       100%        4
 Sticky Flame             Fire/Alch      0%         2d4       100%        4
 Borgnjor's Vile Clutch   Necr/Erth      0%         N/A       100%        5
 Fireball                 Conj/Fire      0%         3d3       100%        5
 Freezing Cloud           Conj/Ice/Air   1%         6-21      100%        5
 Summon Hydra             Summ           0%         N/A       100%        7
 Ignition                 Fire           0%         3d3       100%        8
 Chain Lightning          Conj/Air       0%         N/A       100%        9
 Dragon's Call            Summ           0%         N/A       100%        9
 Fire Storm               Conj/Fire      0%         5d1       100%        9
 Shatter                  Erth           0%         3d5*      100%        9


Dungeon Overview and Level Annotations

Branches:
Dungeon (8/15) Zot: 24306  Temple (1/1) D:4 Zot: 5987    Lair (5/5) D:8 Zot: 24440
  Swamp (0/4) Lair:2        Snake (0/4) Lair:2      Gauntlet (visited)
  Slime: Lair:4-5

Altars:
Ashenzari
Dithmenos
Elyvilon
Fedhas
Gozag
Hepliaklqana
Kikubaaqudgha
Makhleb
Qazlal
Ru
Sif Muna
Trog
Uskayaw
Vehumet
Wu Jian
Xom
Zin
The Shining One
Jiyva

Shops:
D:1 ?   D:7 [

Annotations:
D:4 Blork the orc
Lair:4 exclusion: 2 oklob plants


Innate Abilities, Weirdness & Mutations

Your life essence is reduced to manifest your ancestor. (-10% HP)
You regain HP and MP as you explore.


Message History

The cane toad stings you but does no damage.
The komodo dragon bites you.
* * * LOW HITPOINT WARNING * * *
The death yak gores you!
* * * LOW HITPOINT WARNING * * *
The cane toad stings you but does no damage.
Aylmer gestures at the death yak while chanting.
The stone arrow hits the komodo dragon!!
Unknown command.
You hit the cane toad but do no damage.
Your weapon exudes an aura of protection.
The cane toad is heavily wounded.
You feel sick.
The komodo dragon bites Aylmer!
The death yak gores you but does no damage.
You sock the cane toad!
The cane toad is severely wounded.
You feel sick. The cane toad barely misses you.
Aylmer hits the komodo dragon with a +0 quarterstaff!
The komodo dragon dies!
The death yak closely misses you.
You hit the cane toad but do no damage.
The cane toad is severely wounded.
You feel sick. The cane toad barely misses you.
Aylmer casts a spell at the death yak.
The puff of frost hits the death yak!
You hit the cane toad.
The cane toad is almost dead.
You feel sick.
The cane toad stings you but does no damage.
The death yak gores you but does no damage.
You thump the cane toad!
You kill the cane toad!
The death yak gores you!!
* * * LOW HITPOINT WARNING * * *
Okay, then.
You feel sick.
Aylmer hits the death yak with a +0 quarterstaff!!
The death yak attacks as it pursues you!
The death yak gores you!!
You die...

··········P▒············▒P·········
················▒············▒▒····
··········▒P····▒·······▒▒···▒▒····
···▒······▒▒····▒▒·······▒·········
···▒····<·······▒▒······▒▒···▒▒····
▒▒▒······)·▒····▒▒··‰···▒▒·▒▒·▒····
·▒▒[·······▒····▒▒·R‰·····▒▒▒▒·····
··········▒···▒▒▒··················
···········▒·▒▒▒▒@Y················
···································
········«··························
···································
····▒▒·····························
···▒▒▒▒····························
···▒▒ ▒··▒·▒▒▒▒·▒▒▒····▒▒▒·▒·▒▒···▒
····▒▒▒···▒▒·▒▒▒·▒P····▒▒▒▒▒▒·▒···▒
····▒P···········▒▒·····▒·▒▒▒·▒···▒


You could see the friendly Aylmer the battlemage (idealised) and a death yak
(ally target).

Vanquished Creatures
  A minotaur (Gauntlet)
  Fannar (Lair:1)
  A hydra (Lair:4)
  A boulder beetle (Lair:4)
  4 death yaks
  A black mamba (Lair:2)
  5 elephants
  2 cane toads
  2 komodo dragons (Lair:1)
  A hornet (D:6)
  7 blink frogs
  Sigmund (D:3)
  A small abomination (Gauntlet)
  2 humans (D:7)
  5 yaks
  A wyvern (Lair:1)
  A steam dragon (D:8)
  A naga (Lair:2)
  2 water moccasins
  An orc warrior (D:8)
  3 black bears
  An ice beast (D:7)
  2 wolves (Lair:3)
  2 ogres (D:8)
  3 centaurs
  A phantom (D:4)
  2 scorpions (D:5)
  4 bullfrogs
  2 wights (D:8)
  An electric eel (Lair:2)
  A howler monkey (D:4)
  2 hounds (D:5)
  2 jellies
  2 orc priests
  2 iguanas
  A sleepcap (D:8)
  A hell rat (Lair:1)
  6 orc wizards
  8 gnolls
  5 adders
  A shadow imp (D:4)
  6 white imps
  2 worms
  3 dart slugs
  23 orcs
  6 bats
  7 endoplasms
  2 giant cockroaches
  6 goblins
  7 hobgoblins
  6 jackals (D:1)
  9 kobolds
  5 quokkas
  6 ball pythons
  5 frilled lizards
  8 rats
194 creatures vanquished.

Vanquished Creatures (collateral kills)
  A hydra (Lair:3)
  8 death yaks
  A catoblepas (Lair:3)
  9 elephants
  A black mamba (Lair:3)
  3 cane toads
  4 komodo dragons
  An ice devil (Gauntlet)
  A blink frog (Lair:1)
  4 wyverns
  4 humans
  5 yaks
  2 basilisks (Lair:1)
  A steam dragon (D:7)
  A small abomination (Gauntlet)
  2 nagas (Lair:2)
  5 water moccasins
  2 orc warriors (D:8)
  A centaur (D:5)
  2 ogres
  A wolf (Lair:3)
  A phantom (D:6)
  3 bullfrogs
  3 scorpions
  4 wights (D:8)
  A howler monkey (D:8)
  An orc priest (D:5)
  A gnoll bouda (D:4)
  A sleepcap (D:7)
  An iguana (D:5)
  3 orc wizards
  A gnoll (D:7)
  An adder (D:6)
  13 orcs
93 creatures vanquished.

Vanquished Creatures (others)
  A small abomination (Gauntlet)
  7 battlemagi
  5 ancestors
  A goblin (D:4)
14 creatures vanquished.

Grand Total: 301 creatures vanquished

Notes
Turn   | Place    | Note
-------+----------+-------------------------------------------
     0 | D:1      | PanSaczeczos the Human Wanderer began the quest for the
                  | Orb.
     0 | D:1      | PanSaczeczos set off with the following items: a +0 mace, a
                  | wand of flame (5), a scroll of summoning {!r}, a +0 leather
                  | armour; and the following spell memorised: Freeze; and the
                  | following spells available to memorise: Frozen Ramparts,
                  | Hailstorm.
     0 | D:1      | Reached XP level 1. HP: 13/13 MP: 2/2
    34 | D:1      | Found a faded altar of an unknown god.
   116 | D:1      | Reached skill level 1 in Fighting
   167 | D:1      | Reached XP level 2. HP: 11/21 MP: 3/3
   554 | D:1      | Reached XP level 3. HP: 27/27 MP: 4/4
   586 | D:1      | Found Bunoutev's Magic Scroll Emporium.
   626 | D:1      | Bought a scroll of identify for 26 gold pieces
  1082 | D:2      | Reached skill level 3 in Maces & Flails
  1241 | D:2      | Reached XP level 4. HP: 33/34 MP: 5/5
  1354 | D:1      | Bought a scroll of teleportation for 39 gold pieces
  1830 | D:3      | Found a burning altar of Makhleb.
  1980 | D:3      | Noticed Sigmund
  2329 | D:4      | Noticed a phantom
  2579 | D:3      | Killed Sigmund
  2580 | D:3      | Reached skill level 4 in Maces & Flails
  2580 | D:3      | Reached skill level 1 in Armour
  2580 | D:3      | Reached skill level 1 in Dodging
  2580 | D:3      | Reached XP level 5. HP: 25/42 MP: 4/6
  2580 | D:3      | Reached XP level 6. HP: 29/48 MP: 4/7
  2979 | D:4      | Found a staircase to the Ecumenical Temple.
  2987 | Temple   | Entered the Ecumenical Temple
  2994 | Temple   | Became a worshipper of Hepliaklqana the Forgotten
  3341 | D:3      | Reached skill level 5 in Maces & Flails
  3456 | D:4      | Reached XP level 7. HP: 54/54 MP: 8/8
  3731 | D:4      | Reached skill level 5 in Fighting
  3775 | D:4      | Found a bloodstained altar of Trog.
  3888 | D:4      | Noticed Blork the orc
  3891 | D:5      | Entered Level 5 of the Dungeon
  4085 | D:4      | HP: 14/56 [Blork the orc/+0 mace (11)]
  4504 | D:5      | Reached * piety under Hepliaklqana
  4639 | D:4      | Reached skill level 6 in Maces & Flails
  4699 | D:5      | Reached XP level 8. HP: 31/57 MP: 4/9
  5088 | D:5      | Got the Monograph on the Flaming Morgue
  5162 | D:5      | Reached skill level 7 in Maces & Flails
  5195 | D:5      | Found a glowing silver altar of Zin.
  5239 | D:5      | Reached skill level 1 in Invocations
  5330 | D:5      | Identified the +1 leather armour of Entitlement {rCorr
                  | Dex+2}
  5381 | D:5      | Found a stormy altar of Qazlal.
  5383 | D:5      | Found a sacrificial altar of Ru.
  5478 | D:5      | Found an opulent altar of Gozag.
  5843 | D:6      | Reached XP level 9. HP: 55/64 MP: 8/10
  5995 | D:5      | Reached skill level 8 in Maces & Flails
  6515 | D:6      | Noticed a hornet
  6523 | D:6      | Killed a hornet
  6524 | D:6      | Reached skill level 9 in Maces & Flails
  6656 | D:6      | Reached ** piety under Hepliaklqana
  6657 | D:6      | Remembered your ancestor Aylmer as a battlemage
  6813 | D:7      | Reached skill level 10 in Maces & Flails
  6907 | D:6      | Reached XP level 10. HP: 70/72 MP: 7/11
  6962 | D:7      | Found Ocec's Armour Boutique.
  7045 | D:7      | Reached skill level 11 in Maces & Flails
  7304 | D:7      | Found a radiant altar of Vehumet.
  8122 | D:8      | Reached skill level 10 in Fighting
  8159 | D:8      | Noticed a death yak
  8303 | D:8      | Noticed a death yak
  8303 | D:8      | Noticed a death yak
  8303 | D:8      | Noticed a death yak
  8305 | D:8      | Noticed a death yak
  8314 | D:8      | Noticed a death yak
  8339 | D:7      | Killed a death yak
  8496 | D:8      | Killed a death yak
  8497 | D:8      | Reached skill level 5 in Armour
  8497 | D:8      | Reached XP level 11. HP: 47/81 MP: 8/14
  8633 | D:8      | Found a staircase to the Lair.
  9020 | D:7      | Killed a death yak
  9495 | D:8      | Killed a death yak
  9972 | D:8      | Found a staircase to the Lair.
 10362 | Lair:1   | Entered Level 1 of the Lair of Beasts
 10362 | Lair:1   | Reached *** piety under Hepliaklqana
 10556 | Lair:1   | Found a gate leading to a gauntlet.
 10574 | Gauntlet | Entered a Gauntlet
 10574 | Gauntlet | Found a transporter.
 10584 | Gauntlet | Found a transporter.
 10595 | Gauntlet | Found a transporter.
 10595 | Gauntlet | Noticed a tengu warrior
 10598 | Gauntlet | Found a transporter.
 10600 | Gauntlet | Noticed a death yak
 10600 | Gauntlet | Noticed a death yak
 10600 | Gauntlet | Noticed a death yak
 10601 | Gauntlet | Noticed a death yak
 10601 | Gauntlet | Noticed a death yak
 10602 | Gauntlet | Found a runed translucent door.
 10603 | Gauntlet | Noticed a necromancer
 10604 | Gauntlet | Found a runed translucent door.
 10606 | Gauntlet | Found a transporter.
 10622 | Gauntlet | Found a transporter.
 10632 | Gauntlet | Noticed a hell hog
 10633 | Gauntlet | Found a transporter.
 10641 | Gauntlet | Noticed a cyan ugly thing
 10644 | Gauntlet | Found a transporter.
 10645 | Gauntlet | Noticed a purple ugly thing
 10648 | Gauntlet | Noticed a glowing orange brain
 10656 | Gauntlet | Found a transporter.
 10657 | Gauntlet | Found a transporter.
 10658 | Gauntlet | Found a transporter.
 10659 | Gauntlet | Found the +8 whip "Snakebite" {venom, curare, rPois}
 10675 | Gauntlet | Noticed a large abomination
 10676 | Gauntlet | Found a transporter.
 10684 | Gauntlet | Noticed a shining eye
 10765 | Gauntlet | Found a transporter.
 10788 | Gauntlet | Found a transporter.
 10973 | Gauntlet | Identified the +1 helmet of the Blizzard {^Contam rF+ Int+4
                  | Dex+4}
 10983 | Gauntlet | Noticed a minotaur
 10995 | Gauntlet | Killed a minotaur
 11136 | Gauntlet | Identified the +2 pair of gloves "Foparphum" {Rampage rElec
                  | rCorr Str-2}
 11136 | Gauntlet | Identified the ring "Beshrin" {*Corrode +Blink Will+ Str+4}
 11136 | Gauntlet | Identified the +8 great sword of Ymeodd {venom, rC+ Dex+5}
 11256 | Lair:1   | Noticed Fannar
 11392 | Lair:2   | Reached skill level 12 in Maces & Flails
 11438 | Lair:2   | Found a staircase to the Swamp.
 11628 | Lair:2   | Found a staircase to the Snake Pit.
 11987 | Lair:1   | Reached XP level 12. HP: 63/91 MP: 9/15
 12131 | Lair:1   | Killed Fannar
 12132 | Lair:1   | Reached skill level 13 in Maces & Flails
 12228 | Lair:1   | Reached skill level 5 in Invocations
 12814 | Lair:1   | Reached **** piety under Hepliaklqana
 13345 | Lair:2   | Noticed a death yak
 13345 | Lair:2   | Noticed a death yak
 13368 | Lair:2   | Killed a death yak
 13412 | Lair:2   | Noticed a death yak
 13416 | Lair:2   | Noticed a death yak
 13425 | Lair:2   | Noticed a death yak
 13426 | Lair:2   | Noticed a death yak
 13636 | Lair:1   | Killed a death yak
 13954 | Lair:1   | Killed a death yak
 14089 | Lair:1   | Killed a death yak
 14104 | Lair:1   | Killed a death yak
 14152 | Lair:2   | Killed a death yak
 14541 | Lair:3   | Reached skill level 14 in Maces & Flails
 14725 | Lair:3   | Reached XP level 13. HP: 98/99 MP: 15/17
 14941 | Lair:3   | Found a hazy altar of Hepliaklqana.
 15761 | Lair:4   | Found a viscous altar of Jiyva.
 15849 | Lair:4   | Found an ornate altar of the Wu Jian Council.
 15849 | Lair:4   | Found a hide-covered altar of Uskayaw.
 15870 | Lair:4   | Reached skill level 10 in Armour
 16008 | Lair:4   | Reached ***** piety under Hepliaklqana
 16481 | Lair:5   | Entered Level 5 of the Lair of Beasts
 16682 | Lair:4   | HP: 16/99 [death yak (17)]
 16683 | Lair:4   | Slain by a death yak

Illustrated notes

Levels and vault maps discovered:
D:1:      dpeg_arrival_arbitrary_a, layout_loops_ring, serial_shops, shop,
          ebering_ecumenical_altar_rust, hangedman_abyss_or_decor_lesser_grid,
          hangedman_feature_mirror, hangedman_feature_mirror
D:2:      layout_rooms, nicolae_twisty_statue_hallways
D:3:      layout_rooms, mainiacjoe_overflow_paths, uniq_sigmund
D:4:      layout_basic, trog_hazing_becter, minmay_temple_entry_mini_moons,
          serial_bayou, serial_bayou_lagoon_a, serial_bayou_crossing,
          serial_bayou_pond_a, serial_bayou_lake_a, mrwooster_statue_mirror,
          minmay_a_box_with_orc_wizards_in_it, uniq_blork_the_orc
D:5:      layout_loops_ring, pdpol_temple_overflow_zin_treasury_gozag_greed,
          gammafunk_temple_overflow_pools
D:6:      layout_rooms, minmay_splitting_lines, nicolae_letterblocks
          [nicolae_letter_subblock, nicolae_letter_subblock,
          nicolae_letter_subblock, nicolae_letter_subblock,
          nicolae_letter_subblock, nicolae_letter_subblock,
          nicolae_letter_subblock, nicolae_letter_subblock,
          nicolae_letter_subblock, nicolae_letter_subblock,
          nicolae_letter_subblock, nicolae_letter_subblock,
          nicolae_letter_subblock, nicolae_letter_subblock,
          nicolae_letter_subblock, nicolae_letter_subblock,
          nicolae_letter_subblock, nicolae_letter_subblock,
          nicolae_letter_subblock, nicolae_letter_subblock,
          nicolae_letter_subblock, nicolae_letter_subblock,
          nicolae_letter_subblock, nicolae_letter_subblock,
          nicolae_letter_subblock]
D:7:      layout_loops_ring, vehumet_crystals, serial_shops,
          nicolae_square_shop, minmay_ruffians
D:8:      layout_loops_corners, dpeg_lair_monsters, special_room
          [special_room_orc], st_stairs_12
Temple:   hellmonk_temple_micro_hex
Lair:1:   layout_cave_pods, gauntlet_entry_generic, guppyfry_lair_drakes,
          uniq_fannar
Lair:2:   layout_roguey, swamp_mist, minmay_snake_entry_guardpost_small,
          infiniplex_staircase_pool
Lair:3:   layout_loops_ring, basic_altar
Lair:4:   layout_regular_city, minmay_slime_entry_oklob_open,
          nzn_masters_of_martial_movement
Lair:5:   evilmike_catoblepas_cave, layout_cave_pods,
          portal_ice_cave_entry_imps, minivault_24, dreamdust_gnoll_shepherd

Skill      XL: |  1  2  3  4  5  6  7  8  9 10 11 12 13 |
---------------+----------------------------------------+-----
Fighting       | 1 2 4 6 7 8 10 12 13 | 13.5
Maces & Flails | 3 4 5 6 7 10 11 12 14 | 14.0
Armour         | 1 2 3 5 7 10 | 10.0
Dodging        | 1 2 3 |  3.0
Invocations    | 2 4 6 |  6.0
Stealth        | |  1.0
Spellcasting   | |  1.0
Ice Magic      | |  4.0
Evocations     | |  2.0

Action                     |  1- 3 |  4- 6 |  7- 9 | 10-12 | 13-15 || total
---------------------------+-------+-------+-------+-------+-------++-------
  Melee: Mace              |   148 |    49 |       |       |       ||   197
         Punch             |     2 |     2 |     7 |    12 |     1 ||    24
         Flail             |       |   147 |   307 |   463 |   105 ||  1022
  Throw: Throwing net      |       |       |     1 |     2 |       ||     3
         Dart              |       |       |    27 |     1 |     5 ||    33
   Cast: Freeze            |       |       |     8 |       |       ||     8
 Invoke: Recall Ancestor   |       |       |     6 |    17 |     2 ||    25
         Ancestor Life: Ba |       |       |     1 |       |       ||     1
         Idealise          |       |       |       |       |     1 ||     1
  Evoke: Wand              |       |     5 |       |     7 |       ||    12
    Use: Scroll            |     3 |     3 |     5 |     6 |     2 ||    19
         Potion            |       |     1 |     3 |     3 |       ||     7
   Stab: Sleeping          |     1 |       |       |       |       ||     1
         Distracted        |       |       |       |    12 |     3 ||    15
         Held in net/web   |       |       |       |     1 |       ||     1
 Armour: Leather armour    |   100 |     1 |       |       |       ||   101
         Ring mail         |       |   127 |   137 |       |       ||   264
         Chain mail        |       |       |   123 |     4 |       ||   127
         Plate armour      |       |       |       |   402 |   165 ||   567
  Dodge: Dodged            |   106 |   113 |   256 |   135 |    35 ||   645

Table legend: (Time is in decaauts)
 A = Elapsed time spent in this place.
 B = Non-inter-level travel time spent in this place.
 C = Inter-level travel time spent in this place.
 D = Time resting spent in this place.
 E = Time spent auto-exploring this place.
 F = Levels seen in this place.
 G = Mean time per level.
                   A        B        C        D        E       F      G
               +--------+--------+--------+--------+--------+-----+--------+
         Total |  16743 |  15817 |    926 |   3944 |   7607 |  15 | 1116.2 |
       Dungeon |  10487 |   9729 |    758 |   2018 |   4675 |   8 | 1310.9 |
        Temple |     12 |      8 |      4 |      0 |      0 |   1 |   12.0 |
          Lair |   5558 |   5394 |    164 |   1659 |   2670 |   5 | 1111.6 |
      Gauntlet |    684 |    684 |      0 |    267 |    262 |   1 |  684.0 |
               +--------+--------+--------+--------+--------+-----+--------+

Top non-repeatable levels by time:
     D:4: 1954 daAuts
     D:8: 1837 daAuts
  Lair:1: 1814 daAuts
     D:7: 1655 daAuts
  Lair:2: 1537 daAuts
     D:5: 1309 daAuts
  Lair:4: 1239 daAuts
     D:1: 1116 daAuts
     D:3: 1047 daAuts
  Lair:3: 944 daAuts
     D:6: 785 daAuts
     D:2: 781 daAuts
Gauntlet: 684 daAuts
  Lair:5: 21 daAuts
  Temple: 12 daAuts
